Map: Neon Violet Square LE

Players

Indy - Winner!

  • Race: Terran Terran
  • League: Master
  • Spawn Location: 5:00

Cubaking

  • Race: Protoss Protoss
  • Spawn Location: 11:00

VOD

Have the link to the VOD?

Description

Time

  • Played on: Dec. 2, 2017, 9:59 a.m.
  • Length: 12:53
Show
View Real Time Build Order
Export as new Build Order

Indy Terran - Winner!

Build Orders: Cyclone Opening, Reaper Expand 

Get SALT Encoding   

  12  0:01  SCV  
  13  0:13  SCV  
  14  0:19  Supply Depot  
  14  0:25  SCV  
  15  0:37  Refinery  
  15  0:40  SCV  
  16  0:45  Barracks  
  16  0:52  SCV  
  17  1:04  SCV  
  18  1:16  SCV  
  19  1:32  Orbital Command  
  19  1:36  Reaper  
  20  1:48  Command Center  
  20  1:58  Factory  
  20  2:01  SCV  
  21  2:13  SCV  
  21  2:15  Supply Depot  
  22  2:17  Barracks Reactor  
  22  2:25  SCV  
  23  2:37  SCV  
  23  2:47  Bunker  
  23  2:49  SCV  
  24  2:52  Cyclone  
  24  2:54  Marine x2  
  29  2:59  Engineering Bay  
  29  3:03  SCV  
  30  3:10  Orbital Command  
  30  3:15  SCV  
  31  3:20  Marine x2  
  33  3:27  SCV  
  33  3:28  Missile Turret  
  33  3:30  Cyclone  
  37  3:36  SCV  
  37  3:38  Marine  
  37  3:39  SCV  
  40  3:48  SCV  
  40  3:51  SCV  
  42  3:55  Refinery  
  42  4:00  SCV  
  42  4:01  Marine x2  
  45  4:03  SCV  
  45  4:04  Factory Tech Lab  
  46  4:16  Starport  
  46  4:22  Barracks  
  46  4:24  Barracks  
  46  4:32  SCV x2, Marine x2  
  46  4:34  Supply Depot  
  46  4:36  Supply Depot x2  
  50  4:44  SCV x2  
  52  4:55  Missile Turret  
  52  4:56  Siege Tank, SCV x2  
  57  5:07  Medivac  
  57  5:08  SCV, Marine x2  
  57  5:09  SCV  
  63  5:15  Refinery  
  63  5:16  Refinery  
  63  5:19  Barracks Tech Lab  
  63  5:21  Barracks Tech Lab, SCV x2  
  65  5:25  Marine  
  65  5:26  Marine  
  67  5:30  Supply Depot  
  67  5:32  Siege Tank  
  67  5:33  SCV x2  
  72  5:40  Marine x2  
  74  5:43  Marine x2  
  74  5:49  Medivac  
  78  5:52  SCV x2  
  78  5:53  Supply Depot  
  78  5:56  Supply Depot  
  80  6:08  SCV x2  
  82  6:12  Combat Shield  
  82  6:16  Marine x2  
  82  6:18  Marine x2  
  86  6:20  Starport Reactor  
  86  6:26  Supply Depot  
  86  6:27  Supply Depot  
  86  6:28  Siege Tank  
  86  6:29  SCV x2  
  86  6:32  Stimpack  
  91  6:34  Supply Depot x2  
  91  6:44  Marine x2  
  93  6:48  Marauder x2  
  97  6:58  Liberator  
  97  7:00  Siege Tank  
  103  7:01  Marine  
  104  7:18  Marauder x2, Marine  
  104  7:19  Marine  
  110  7:29  Supply Depot x3  
  110  7:32  Siege Tank  
  110  7:36  Marine  
  114  7:37  Marine  
  114  7:39  Marauder, Marine  
  118  7:52  Liberator x2  
  118  7:53  Marine  
  118  7:54  Barracks x2  
  118  7:55  Marine  
  118  7:57  Marauder  
  128  8:01  Marauder  
  130  8:11  Marine  
  131  8:14  Marine  
  131  8:16  Siege Tank  
  131  8:19  Marauder  
  137  8:22  Marine  
  135  8:40  Marauder  
  136  8:47  Barracks Tech Lab x2, Liberator x2  
  136  8:48  Marauder, Marine x2  
  144  8:52  Terran Infantry Weapons Level 1  
  144  8:53  Command Center  
  146  9:01  Marauder  
  148  9:06  Marine x2  
  152  9:10  Marauder  
  151  10:44  Orbital Command  
  149  11:10  Marauder x2, Marine x2  
  156  11:11  Siege Tank  
  156  11:27  Marine  
  156  11:31  Marauder x2  
  161  11:53  Marauder, Supply Depot  
Show
View Real Time Build Order
Export as new Build Order

Cubaking Protoss 

Build Orders:  

Get SALT Encoding   

  12  0:05  Probe  
  13  0:27  Probe, Pylon  
  14  0:39  Probe  
  15  0:45  Assimilator  
  15  0:52  Gateway  
  15  0:58  Assimilator  
  15  0:59  Probe  
  16  1:17  Probe  
  17  1:29  Probe  
  18  1:39  Zealot  
  20  1:47  Pylon  
  20  1:55  Cybernetics Core  
  20  1:56  Probe  
  21  2:06  Zealot  
  23  2:08  Probe  
  24  2:20  Probe  
  25  2:33  Zealot  
  27  2:47  Probe  
  28  2:58  Nexus  
  28  3:06  Stalker  
  28  3:08  Probe  
  31  3:26  Pylon  
  31  3:34  Warp Gate, Pylon  
  31  3:35  Pylon  
  31  3:43  Nexus  
  31  3:44  Probe, Stalker  
  34  4:09  Pylon  
  34  4:13  Pylon  
  34  4:17  Probe  
  34  4:18  Pylon  
  35  4:24  Pylon  
  35  4:25  Zealot  
  35  4:27  Pylon  
  35  4:29  Probe  
  38  4:47  Forge  
  38  4:53  Gateway, Zealot  
  38  4:55  Gateway  
  40  5:10  Probe  
  40  5:12  Probe  
  42  5:15  Probe  
  43  5:35  Photon Cannon  
  43  5:38  Photon Cannon  
  43  5:42  Photon Cannon  
  43  5:45  Photon Cannon  
  43  5:50  Photon Cannon  
  41  6:12  Pylon  
  41  6:15  Pylon  
  41  6:20  Stalker  
  41  6:21  Stalker x2  
  47  6:47  Stargate  
  47  6:48  Zealot  
  47  6:49  Stargate, Zealot  
  47  6:50  Zealot  
  47  6:52  Probe, Stargate  
  54  7:04  Probe  
  55  7:11  Assimilator  
  55  7:16  Assimilator, Zealot  
  55  7:17  Zealot  
  55  7:18  Zealot  
  61  7:34  Probe  
  61  7:35  Shield Battery  
  62  7:40  Void Ray  
  62  7:44  Void Ray  
  70  7:46  Probe  
  71  8:08  Pylon  
  71  8:11  Pylon  
  55  8:30  Stalker x3  
  33  8:44  Phoenix x2  
  33  9:12  Zealot x3  
  39  9:34  Stalker x3  
  45  9:51  Gateway  
  45  10:02  Pylon x2  
  45  10:06  Assimilator  
  45  10:10  Assimilator  
  23  10:50  Zealot  
  26  11:04  Probe  
  16  11:17  Zealot  
Tags
 
Add a new tag
Caveats
  • Supply blocks, unpowered buildings, or Contaminate may cause inaccurate times.
  • Supply counts are checked every 10 seconds.